 Dungeon Crawl Stone Soup version 0.32-a0-43-g058985b245 (webtiles) character file.

Game seed: 13282047724432763586

5 Zonian the Gusty (level 1, 0/16 HPs)
             Began as an Oni Air Elementalist on Feb 3, 2024.
             Slain by a gnoll
             ... wielding a +0 spear
              (8 damage)
             ... on level 1 of the Dungeon.
             The game lasted 00:02:01 (527 turns).

Zonian the Gusty (Oni Air Elementalist)              Turns: 527, Time: 00:02:02

Health: 0/16       AC:  3    Str: 11    XL:     1   Next: 80%
Magic:  3/4        EV:  9    Int: 16    God:
Gold:   7          SH:  0    Dex:  9    Spells: 4/5 levels left

rFire   . . .        (no weapon)
rCold   . . .        (no shield)
rNeg    . . .        a - +0 robe
rPois   .            (helmet restricted)
rElec   .            (no cloak)
rCorr   .            (gloves unavailable)
SInv    .            (boots unavailable)
Will    .....        (no amulet)
Stlth   +            (no ring)
HPRegen 0.22/turn    (no ring)
MPRegen 0.09/turn

%: no passive effects
@: no status effects
A: large, unfitting armour, horns 1, tough skin 1, double potion healing,
drunken brawling
a: no special abilities


You were on level 1 of the Dungeon.
You visited 1 branch of the dungeon, and saw 1 of its levels.

You collected 7 gold pieces.


Innate Abilities, Weirdness & Mutations

You are too large for most types of armour.
You have a pair of small horns on your head.
You have tough skin. (AC +1)
You gain doubled healing and magic from potions.
Whenever you drink a healing potion, you attack all around you.


   Skills:
 + Level 1.9 Dodging
 + Level 1.5 Stealth
 + Level 2.5 Spellcasting
 + Level 1.0 Conjurations
 + Level 2.7 Air Magic


You had 4 spell levels left.
You knew the following spells:

 Your Spells              Type           Power      Damage    Failure   Level
a - Shock                 Conj/Air       32%        1d5       9%          1

Your spell library contained the following spells:

 Spells                   Type           Power      Damage    Failure   Level
 Static Discharge         Conj/Air       16%        3-4/arc   14%         2
 Swiftness                Air            10%        N/A       19%         3
 Airstrike                Air            5%         2d(1-17)  54%         4

Inventory:

Armour
 a - a +0 robe (worn)
Scrolls
 c - a scroll of fear {unknown}

Dungeon Overview and Level Annotations

Branches:
Dungeon (1/15) Zot: 5472

Altars:

#.##.....##.# #....#..
#.##.....'..# #.>..#..
#.##.....##'#####....#..
#.##.....#.....##.......
#.##.#####.....##.......
#.##.##........##.......
#.##.##..g#.............
#.##.##...######........
#.##...@...............
#.#########...####....#
#.# #..................
#.# #.####....###+#.$..
#†# #............. ...
#.#######..#..#.... ...
#.#................
#.##.####.#########
#.##.............


You could see a gnoll.


Message History

The giant cockroach bites you but does no damage.
You hit the giant cockroach but do no damage.
You headbutt the giant cockroach.
The giant cockroach bites you but does no damage.
You closely miss the giant cockroach. The giant cockroach closely misses you.
The giant cockroach misses you.
You hit the giant cockroach but do no damage.
The giant cockroach bites you but does no damage.
You hit the giant cockroach.
You kill the giant cockroach!
You start resting. 😎 MP[+4]
Your mp is fully restored (4).
You start waiting.
Done waiting.
You now have 7 gold pieces.
You open the door.
There is an open door here.
A quokka comes into view.
Unknown command.
The zap misses the quokka. 😎 MP[-1]
You lost 1 mp, and now have 3/4 mp.
The zap hits the quokka. 😎 MP[-1]
You lost 1 mp, and now have 2/4 mp.
The zap hits the quokka but does no damage. 😎 MP[-1]
You lost 1 mp, and now have 1/4 mp.
Unknown command.
The zap hits the quokka. 😎 MP[-1]
You lost 1 mp, and now have 0/4 mp.
You are out of magic!
Unknown command.
You miss the quokka.
The quokka bites you but does no damage.
Unknown command.
You barely miss the quokka. You headbutt the quokka.
You kill the quokka!
You see here a quokka corpse.
Unknown command.
Key pressed, stopping explore.
c - a scroll labelled VEOTYTA IDIGOM 😎 MP[+4]
Your mp is fully restored (4).
Unknown command.
Sorry, you're not good enough to have a special ability.
Unknown command.
Key pressed, stopping explore.
You open the door.
There is an open door here.
You open the door.
There is an open door here.
There is an open door here.
There is an open door here.
A gnoll comes into view. It is wielding a +0 spear.
The gnoll shouts!
Unknown command.
The zap misses the gnoll. 😎 MP[-1]
You lost 1 mp, and now have 3/4 mp.
The zap hits the gnoll but does no damage. 😎 MP[-1]
You lost 1 mp, and now have 2/4 mp.
The zap hits the gnoll. 😎 MP[-1]
You lost 1 mp, and now have 1/4 mp.
The zap hits the gnoll. 😎 MP[-1]
You lost 1 mp, and now have 0/4 mp.
The gnoll attacks as it pursues you! The gnoll barely misses you.
The gnoll attacks as it pursues you!
The gnoll hits you from afar with a +0 spear. 😕 HP[-2]
You take 2 damage, and now have 14/16 hp. 😕 HP[+1] MP[+1]
The zap hits the gnoll.
The gnoll hits you from afar with a +0 spear!
Ouch! That really hurt!
* * * LOW HITPOINT WARNING * * *
😨 HP[-8] MP[-1]
You take 8 damage, and now have 7/16 hp.
MASSIVE DAMAGE!! (PAUSE)
You lost 1 mp, and now have 0/4 mp.
Magic courses through your body.
The gnoll hits you but does no damage. 😨 MP[+4]
Your mp is fully restored (4).
You are too injured to fight recklessly!
You are too injured to fight recklessly!
Unknown command.
Casting: Shock (safe; 9% risk of failure)
Confirm with . or Enter, or press ? or * to list all spells.
Aiming: Shock (safe; 9% risk of failure)
Press: ? - help, Shift-Dir - straight line, f/p - gnoll
Aim: a gnoll, wielding a +0 spear (severely wounded, 72% to hit)
The zap hits the gnoll.
The gnoll hits you from afar with a +0 spear!
Ouch! That really hurt!
You die...

Skill      XL: |  1 |
---------------+----+-----
Conjurations   | 1 |  1.0
Dodging        | |  1.9
Stealth        | |  1.5
Spellcasting   | |  2.5
Air Magic      | |  2.7

Action                     || total
---------------------------++-------
  Melee: Unarmed           ||     8
         Headbutt          ||     2
   Cast: Shock             ||    18
    Use: Potion            ||     1
 Armour: Robe              ||    11
  Dodge: Dodged            ||     3

Levels and vault maps discovered:
D:1:      saegor_arrival_simple_e, layout_basic,
          hellmonk_ecumenical_altar_arch_garden, minmay_misc_feat_plants,
          chequers_serial_rivers_micro_e

Notes
Turn   | Place    | Note
-------+----------+-------------------------------------------
     0 | D:1      | Zonian the Oni Air Elementalist began the quest for the
                  | Orb.
     0 | D:1      | Reached XP level 1. HP: 16/16 MP: 3/3
     0 | D:1      | magus.rc [v1.9.6]
     1 | D:1      | magus.rc [v1.9.6]
    74 | D:1      | Reached skill level 1 in Conjurations
   527 | D:1      | Slain by a gnoll

Vanquished Creatures
  A bat (D:1)
  An endoplasm (D:1)
  A giant cockroach (D:1)
  A quokka (D:1)
4 creatures vanquished.

Table legend:
 A = Non-vault XP
 B = Vault XP
 C = Vault XP percentage of total XP
 D = Non-vault monster count
 E = Vault monster count
 F = Vault count percentage of total count
                 A         B        C        D         E       F
            +---------+---------+-------+---------+---------+-------
      Total |       8 |       0 |   0.0 |       4 |       0 |   0.0
            +---------+---------+-------+---------+---------+-------
        D:1 |       8 |       0 |   0.0 |       4 |       0 |   0.0
            +---------+---------+-------+---------+---------+-------

Skill      XL: |  1 |
---------------+----+-----
Conjurations   | 1 |  1.0
Dodging        | |  1.9
Stealth        | |  1.5
Spellcasting   | |  2.5
Air Magic      | |  2.7

Action                     || total
---------------------------++-------
  Melee: Unarmed           ||     8
         Headbutt          ||     2
   Cast: Shock             ||    18
    Use: Potion            ||     1
 Armour: Robe              ||    11
  Dodge: Dodged            ||     3

Illustrated notes

Table legend:
 A = Kills in this place as a percentage of kills in the entire game.
 B = Kills by you in this place as a percentage of kills by you in the entire game.
 C = Kills by friends in this place as a percentage of kills by friends in the entire game.
 D = Other kills in this place as a percentage of other kills in the entire game.
 E = Experience gained in this place as a percentage of experience gained in the entire game.
 F = Experience gained in this place divided by the number of levels of this place that you have seen.
                   A       B       C       D       E      F
               +-------+-------+-------+-------+-------+----------------------
         Total | 100.0 | 100.0 |   N/A |   N/A | 100.0 |   8.0
       Dungeon | 100.0 | 100.0 |   N/A |   N/A | 100.0 |   8.0
               +-------+-------+-------+-------+-------+----------------------

Table legend: (Time is in decaauts)
 A = Elapsed time spent in this place.
 B = Non-inter-level travel time spent in this place.
 C = Inter-level travel time spent in this place.
 D = Time resting spent in this place.
 E = Time spent auto-exploring this place.
 F = Levels seen in this place.
 G = Mean time per level.
                   A        B        C        D        E       F      G
               +--------+--------+--------+--------+--------+-----+--------+
         Total |    527 |    527 |      0 |    135 |    343 |   1 |  527.0 |
       Dungeon |    527 |    527 |      0 |    135 |    343 |   1 |  527.0 |
               +--------+--------+--------+--------+--------+-----+--------+

Top non-repeatable levels by time:
     D:1: 527 daAuts
